 Dungeon Crawl Stone Soup version 0.30-a0-556-g0a0f5a245f (webtiles) character file.

Game seed: 16944649518606981314

798 Bnni the Vexing (level 8, -10/58 HPs)
             Began as a Formicid Hexslinger on Dec 27, 2022.
             Killed from afar by an acid dragon (30 damage)
             ... with a splash of acid
             ... on level 5 of the Dungeon.
             The game lasted 00:05:44 (2858 turns).

Bnni the Vexing (Formicid Hexslinger)               Turns: 2858, Time: 00:05:44

Health: -10/58     AC:  3    Str: 15    XL:     8   Next: 13%
Magic:  21/21      EV: 12    Int: 18    God:
Gold:   251        SH:  0    Dex: 16    Spells: 2/13 levels left

rFire   . . .      SeeInvis +    l - +12 dagger of Iczotair {protect, Dex+2}
rCold   . . .      Faith    .    c - orb {light}
rNeg    . . .      Spirit   .    q - +2 robe of Sif Muna's Hatred {MP+9 Int+3 SInv}
rPois   .          Reflect  .    (helmet unavailable)
rElec   .          Harm     .    (no cloak)
rCorr   .          Rampage  .    (no gloves)
Will    .....                    (no boots)
Stlth   +                        (no amulet)
HPRegen 0.29/turn                (no ring)
MPRegen 0.17/turn                (no ring)

@: corroded, under a protective aura, glowing
A: permanent stasis, dig shafts and tunnels, antennae 3, four strong arms
a: Dig, Shaft Self


You were on level 5 of the Dungeon.
You visited 1 branch of the dungeon, and saw 5 of its levels.

You collected 251 gold pieces.

Inventory:

Hand Weapons
 a - a +1 sling
 l - the +12 dagger of Iczotair (weapon) {protect, Dex+2}
   (You found it on level 2 of the Dungeon)

   It grants its wielder temporary protection when it strikes (+7 to AC).
   Dex:       It affects your dexterity (+2).
Missiles
 s - a throwing net
Armour
 c - an orb of light (worn)
 q - the +2 robe of Sif Muna's Hatred (worn) {MP+9 Int+3 SInv}
   (You found it on level 4 of the Dungeon)

   Int:       It affects your intelligence (+3).
   MP:        It affects your magic capacity (+9).
   SInv:      It lets you see invisible.
Scrolls
 b - 3 scrolls of poison
 d - a scroll of blinking {unknown}
 e - 4 scrolls of teleportation {unknown}
 h - a scroll of fear
 j - 4 scrolls of enchant armour
 n - a scroll of enchant weapon
 o - a scroll of silence {unknown}
 r - a scroll of identify
 t - a scroll of fog {unknown}
Potions
 f - a potion of flight
 g - 2 potions of resistance
 i - a potion of mutation
 k - a potion of curing
 m - 5 potions of brilliance
 p - a potion of attraction {unknown}


   Skills:
 + Level 3.5 Fighting
 * Level 4.9 Ranged Weapons
 - Level 1.7 Dodging
 + Level 3.3 Spellcasting
 * Level 6.5 Hexes
 + Level 2.8 Fire Magic


You had 2 spell levels left.
You knew the following spells:

 Your Spells              Type           Power      Damage    Failure   Level
a - Slow                  Hex            100%       N/A       1%          1
b - Inner Flame           Hex/Fire       19%        N/A       7%          3
c - Portal Projectile     Hex/Tloc       28%        N/A       12%         3
d - Cause Fear            Hex            13%        N/A       11%         4

Your spell library contained the following spells:

 Spells                   Type           Power      Damage    Failure   Level
 Magic Dart               Conj           8%         1d3       16%         1
 Shock                    Conj/Air       8%         1d3       16%         1
 Searing Ray              Conj           4%         2d4       24%         2
 Confusing Touch          Hex            26%        N/A       3%          3
 Fulminant Prism          Conj/Hex       7%         3d6       38%         4
 Vampiric Draining        Necr           2%         2d6       43%         3
 Airstrike                Air            1%         2d(1-17)  85%         4
 Manifold Assault         Tloc           2%         N/A       85%         4
 Storm Form               Tmut/Air       1%         N/A       100%        7
 Blink                    Tloc           Unusable   N/A       N/A         2
 Swiftness                Air            Unusable   N/A       N/A         3

Dungeon Overview and Level Annotations

Branches:
Dungeon (5/15)
 Temple: D:4-7

Altars:

Shops:
D:2 [   D:4 (


Innate Abilities, Weirdness & Mutations

You cannot be hasted, slowed, berserked, paralysed or teleported.
You can dig through walls and to a lower floor.
You have a pair of large antennae on your head. (SInv)
Your four strong arms can wield two-handed weapons with a shield.


Message History

You puncture the white imp!
You kill the white imp!
No target in view!
No target in view!
Found a ring mail.
Found 7 stones.
t - a scroll labelled JIRHUQIXTE An acid dragon comes into view.
The acid dragon roars!
You hit the acid dragon.
Your weapon exudes an aura of protection.
The acid dragon is moderately wounded.
The acid dragon bites you.
The acid dragon claws you but does no damage.
You hit the acid dragon.
The acid dragon is heavily wounded.
The acid dragon barely misses you.
The acid dragon claws you but does no damage.
You hit the acid dragon.
The acid dragon is heavily wounded.
The acid dragon spits acid at you. The splash of acid hits you!
The acid corrodes you!
You barely miss the acid dragon.
The acid dragon is heavily wounded.
The acid dragon barely misses you.
The acid dragon claws you but does no damage.
You completely miss the acid dragon.
The acid dragon is heavily wounded.
The acid dragon closely misses you. The acid dragon misses you.
You puncture the acid dragon!
The acid dragon is almost dead.
The acid dragon spits acid at you. The splash of acid hits you!!
The acid corrodes you!
You are too injured to fight recklessly!
You completely miss the acid dragon.
The acid dragon is almost dead.
The acid dragon spits acid at you. The splash of acid hits you!!
Ouch! That really hurt!
You die...

#.....#.###.#.....#.###.#.....
##...###...###...###...###...#
#.###.#.....#.###.#.....#.###.
#. #...#...#.. #...#...#...#..
# #...#####...#...#####...#..
#. #...#...#...#...#...#...#..
#.###.#.....#.###.#.....#.###.
##...###...###...###...###. .#
#.....#.###.#@....#.### ... .
..#...#...#?.D#...#...# ...
... #####...#...#####...# ####
....#...#...#...#..(#...# .#
#.....#.###.#.....#.###.#
##...###...###...###...##
#.###.#.....#.###.#.....# #..
#...#...#.. #...#...#...# #.
#...##### ..#...##### ..#


You could see an acid dragon (catching breath).

Vanquished Creatures
  Pikel (D:4)
  2 lemures (D:4)
  A scorpion (D:5)
  A gnoll bouda (D:5)
  2 hounds
  Jessica (D:3)
  Terence (D:3)
  An iguana (D:5)
  4 gnolls (D:5)
  3 adders
  A white imp (D:5)
  An ufetubus (D:4)
  A worm (D:4)
  A dart slug (D:2)
  An orc (D:5)
  7 ball pythons
  5 bats
  4 endoplasms
  6 giant cockroaches
  9 goblins
  5 hobgoblins
  2 quokkas
  2 frilled lizards
  3 kobolds
  10 rats
75 creatures vanquished.

Notes
Turn   | Place    | Note
-------+----------+-------------------------------------------
     0 | D:1      | Bnni the Formicid Hexslinger began the quest for the Orb.
     0 | D:1      | Reached XP level 1. HP: 15/15 MP: 2/2
    86 | D:1      | Reached XP level 2. HP: 21/21 MP: 3/3
   426 | D:1      | Reached skill level 4 in Hexes
   433 | D:1      | Reached XP level 3. HP: 15/26 MP: 4/4
   437 | D:1      | Learned a level 3 spell: Inner Flame
   748 | D:1      | Found a faded altar of an unknown god.
   810 | D:2      | Found Vumpef's Armour Boutique.
   944 | D:2      | Identified the +12 dagger of Iczotair {protect, Dex+2}
  1004 | D:2      | Reached XP level 4. HP: 32/32 MP: 6/6
  1038 | D:2      | Reached skill level 1 in Fire Magic
  1679 | D:3      | Noticed Terence
  1682 | D:3      | Noticed Jessica
  1694 | D:3      | Killed Terence
  1702 | D:3      | Killed Jessica
  1703 | D:3      | Reached XP level 5. HP: 38/38 MP: 6/8
  1977 | D:4      | Identified the +2 robe of Sif Muna's Hatred {MP+9 Int+3
                  | SInv}
  2252 | D:4      | Found Nyhi's Weapon Emporium.
  2370 | D:4      | Noticed a lemure
  2373 | D:4      | Noticed a lemure
  2375 | D:4      | Noticed a lemure
  2386 | D:4      | Killed a lemure
  2388 | D:4      | Noticed Pikel
  2393 | D:4      | Killed a lemure
  2399 | D:4      | HP: 1/34 [Pikel/+1 whip of freezing (4)]
  2401 | D:4      | Noticed a lemure
  2409 | D:4      | Killed Pikel
  2410 | D:4      | Reached skill level 6 in Hexes
  2410 | D:4      | Reached XP level 6. HP: 19/47 MP: 10/10
  2410 | D:4      | Reached XP level 7. HP: 21/52 MP: 11/11
  2581 | D:5      | Entered Level 5 of the Dungeon
  2667 | D:5      | Reached XP level 8. HP: 53/58 MP: 12/12
  2697 | D:5      | Learned a level 4 spell: Cause Fear
  2701 | D:5      | Learned a level 3 spell: Portal Projectile
  2858 | D:5      | Killed from afar by an acid dragon

Illustrated notes

Levels and vault maps discovered:
D:1:      denvon_arrival_planthouse, layout_basic,
          shapermc_ecumenical_altar_acropolis, chequers_serial_rivers_micro_b
D:2:      layout_basic, serial_shops, shop
D:3:      layout_basic, minmay_misc_feat_columns, uniq_terence, uniq_jessica
D:4:      layout_cave_pools, serial_shops, nicolae_shop_window_shopping,
          uniq_pikel
D:5:      nicolae_cairo_tiling, layout_rooms, nicolae_overflow_squiral,
          minivault_25, minivault_25

Skill      XL: |  1  2  3  4  5 |
---------------+----------------+-----
Hexes          | 4 6 |  6.5
Fire Magic     | 1 2 |  2.8
Fighting       | 2 3 |  3.5
Ranged Weapons | 3 4 |  4.9
Spellcasting   | 2 3 |  3.3
Dodging        | |  1.7

Action                   |  1- 3 |  4- 6 |  7- 9 || total
-------------------------+-------+-------+-------++-------
Melee: Dagger            |     4 |    68 |    48 ||   120
 Fire: Sling             |    81 |     4 |       ||    85
 Cast: Slow              |     1 |     2 |       ||     3
 Abil: Dig               |       |     1 |       ||     1
  Use: Scroll            |       |     8 |       ||     8
       Potion            |       |     4 |       ||     4
 Stab: Sleeping          |       |     1 |       ||     1
Armor: Robe              |    12 |    13 |    12 ||    37
Dodge: Dodged            |    35 |    32 |    27 ||    94

Table legend: (Time is in decaauts)
 A = Elapsed time spent in this place.
 B = Non-inter-level travel time spent in this place.
 C = Inter-level travel time spent in this place.
 D = Time resting spent in this place.
 E = Time spent auto-exploring this place.
 F = Levels seen in this place.
 G = Mean time per level.
                   A        B        C        D        E       F      G
               +--------+--------+--------+--------+--------+-----+--------+
         Total |   2880 |   2805 |     75 |      0 |   2269 |   5 |  576.0 |
       Dungeon |   2880 |   2805 |     75 |      0 |   2269 |   5 |  576.0 |
               +--------+--------+--------+--------+--------+-----+--------+

Top non-repeatable levels by time:
     D:1: 825 daAuts
     D:2: 694 daAuts
     D:4: 644 daAuts
     D:3: 438 daAuts
     D:5: 276 daAuts
